 Dungeon Crawl Stone Soup version 0.30-a0-1157-g2cc9ac7196 (webtiles) character file.

Game seed: 11107437671287775455

870 zazu2006 the Magician (level 8, -1/70 HPs)
             Began as a Naga Hedge Wizard on Apr 25, 2023.
             Slain by a scorpion (6 damage)
             ... on level 5 of the Dungeon.
             The game lasted 00:12:10 (5340 turns).

zazu2006 the Magician (Naga Hedge Wizard)           Turns: 5340, Time: 00:12:11

Health: -1/70      AC:  4    Str:  9 (12) XL:     8   Next: 3%
Magic:  8/16       EV: 10    Int: 16 (18) God:
Gold:   315        SH:  0    Dex:  9 (10) Spells: 12/18 levels left

rFire   . . .        a - +0 dagger
rCold   . . .        (no shield)
rNeg    . . .        b - +0 robe
rPois   +            c - +0 hat
rElec   .            (no cloak)
rCorr   .            h - +0 pair of gloves
SInv    +            (no barding)
Will    +....        (no amulet)
Stlth   ++           (no ring)
HPRegen 0.31/turn    (no ring)
MPRegen 0.15/turn

%: no passive effects
@: lethally poisoned (-1 -> -10), very slow
A: AC +2, large, see invisible, deformed body, poison resistance, slowness 2,
spit poison 1, naga tail 1, robust 1, inability to read after injury 1
a: Spit Poison


You were on level 5 of the Dungeon.
You visited 1 branch of the dungeon, and saw 5 of its levels.

You collected 315 gold pieces.

Inventory:

Hand Weapons
 a - a +0 dagger (weapon)
Armour
 b - a +0 robe (worn)
 c - a +0 hat (worn)
 h - a +0 pair of gloves (worn)
Jewellery
 k - an amulet of faith
Scrolls
 f - 3 scrolls of summoning {unknown}
 g - a scroll of brand weapon {unknown}
 i - 2 scrolls of teleportation {unknown}
 l - 3 scrolls of identify {unknown}
 m - a scroll of magic mapping {unknown}
 n - a scroll of fear {unknown}
 o - a scroll of enchant weapon {unknown}
 p - 2 scrolls of poison {unknown}
 t - 3 scrolls of fog {unknown}
Potions
 e - a potion of invisibility
 s - a potion of berserk rage {unknown}


   Skills:
 + Level 1.3 Fighting
 + Level 2.5 Dodging
 + Level 4.2 Stealth
 + Level 5.9 Spellcasting
 + Level 4.0 Conjurations
 + Level 1.0 Summonings
 + Level 1.0 Translocations
 + Level 0.9 Air Magic
 * Level 4.7 Poison Magic


You had 12 spell levels left.
You knew the following spells:

 Your Spells              Type           Power      Damage    Failure   Level
a - Magic Dart            Conj           68%        1d6       2%          1
b - Mephitic Cloud        Conj/Pois/Air  15%        N/A       11%         3
d - Blink                 Tloc           14%        N/A       14%         2

Your spell library contained the following spells:

 Spells                   Type           Power      Damage    Failure   Level
 Cigotuvi's Dreadful Rot  Necr/Pois/Air  20%        N/A       10%         2
 Slow                     Hex            16%        N/A       14%         1
 Call Imp                 Summ           14%        N/A       14%         2
 Gell's Gravitas          Tloc           7%         N/A       28%         3
 Teleport Other           Tloc           7%         N/A       28%         3
 Dispersal                Tloc           3%         N/A       100%        6


Dungeon Overview and Level Annotations

Branches:
Dungeon (5/15)
 Temple: D:4-7

Altars:
Elyvilon
Fedhas
Nemelex Xobeh


Innate Abilities, Weirdness & Mutations

Your serpentine skin is tough. (AC +2)
You have supernaturally acute eyesight. (SInv)
Armour fits poorly on your strangely shaped body.
Your system is resistant to poisons. (rPois)
You cover ground very slowly.
You can spit poison.
You have a snake-like lower body.
You are robust. (+10% HP)
You occasionally lose the ability to read scrolls when taking damage.


Message History

Casting: Magic Dart (safe; 2% risk of failure)
Confirm with . or Enter, or press ? or * to list all spells.
Aiming: Magic Dart (safe; 2% risk of failure)
Press: ? - help, Shift-Dir - straight line, f/p - phantom
Aim: a phantom (severely damaged, 100% to hit)
The magic dart hits the phantom.
The phantom is almost destroyed.
The phantom hits you.
* * * LOW HITPOINT WARNING * * *
The scorpion stings you.
* * * LOW HITPOINT WARNING * * *
Casting: Magic Dart (safe; 2% risk of failure)
Confirm with . or Enter, or press ? or * to list all spells.
Aiming: Magic Dart (safe; 2% risk of failure)
Press: ? - help, Shift-Dir - straight line, f/p - phantom
Aim: a phantom (almost destroyed, 100% to hit)
The magic dart hits the phantom but does no damage.
The phantom is almost destroyed.
The phantom hits you but does no damage.
The scorpion stings you.
* * * LOW HITPOINT WARNING * * *
You are poisoned.
The scorpion poisons you!
Unknown command.
Unknown command.
Casting: Magic Dart (safe; 2% risk of failure)
Confirm with . or Enter, or press ? or * to list all spells.
Aiming: Magic Dart (safe; 2% risk of failure)
Press: ? - help, Shift-Dir - straight line, f/p - phantom
Aim: a phantom (almost destroyed, 100% to hit)
The magic dart hits the phantom but does no damage.
The phantom is almost destroyed.
* * * LOW HITPOINT WARNING * * *
You feel very sick. The scorpion stings you.
* * * LOW HITPOINT WARNING * * *
The phantom hits you.
* * * LOW HITPOINT WARNING * * *
The scorpion stings you.
You die...

.# #. ... ##### #. #.#
####...## ####.
..###........ ....
.###...###...##
..###.........###..
####...###...###...##
#.........###§§..<§§.
##.###@W.###...###...##
#....s###.........###..
#......#.###...###...##
##.....#s....###.!†.....
#......#.[....#.###...##
##.....#.....#.. .###..
#.###.#......#.. ..#...
#.. .###.....#.. ..#....
#.. . #.###.#... ..#....


You could see a phantom and a scorpion.

Vanquished Creatures
  Sigmund (D:3)
  A water moccasin (D:5)
  Edmund (D:5)
  A black bear (D:5)
  A howler monkey (D:5)
  A jelly (D:4)
  An iguana (D:5)
  An orc priest (D:5)
  Natasha (thrice) (D:3)
  3 orc wizards
  5 adders
  4 dart slugs
  9 orcs
  7 endoplasms
  4 giant cockroaches
  15 goblins
  6 hobgoblins
  2 jackals (D:4)
  4 quokkas (D:2)
  13 ball pythons
  7 bats
  3 frilled lizards
  6 kobolds
  5 rats
104 creatures vanquished.

Notes
Turn   | Place    | Note
-------+----------+-------------------------------------------
     0 | D:1      | zazu2006 the Naga Hedge Wizard began the quest for the Orb.
     0 | D:1      | Reached XP level 1. HP: 15/15 MP: 4/4
    54 | D:1      | Reached XP level 2. HP: 9/22 MP: 0/6
   800 | D:2      | Reached XP level 3. HP: 28/28 MP: 0/8
   804 | D:2      | Learned a level 3 spell: Mephitic Cloud
   807 | D:2      | Learned a level 2 spell: Blink
  1304 | D:2      | Reached skill level 1 in Poison Magic
  1304 | D:2      | Reached XP level 4. HP: 36/36 MP: 3/9
  1508 | D:2      | Reached skill level 4 in Spellcasting
  2058 | D:3      | Noticed Sigmund
  2128 | D:3      | Killed Sigmund
  2129 | D:3      | Reached XP level 5. HP: 37/43 MP: 8/12
  2129 | D:3      | Reached XP level 6. HP: 43/50 MP: 8/13
  2800 | D:3      | Noticed Natasha
  2807 | D:3      | Killed Natasha
  2808 | D:3      | Reached skill level 5 in Spellcasting
  3413 | D:3      | Noticed Natasha
  3423 | D:3      | Killed Natasha
  3677 | D:4      | Found a white marble altar of Elyvilon.
  4049 | D:4      | Found the -2 hat of the Alchemist {rElec rPois rF+ rC+ rN+
                  | Will+ rMut rCorr}
  4521 | D:3      | Noticed Natasha
  4526 | D:3      | Killed Natasha
  4527 | D:3      | Reached XP level 7. HP: 40/56 MP: 10/14
  4543 | D:5      | Entered Level 5 of the Dungeon
  4637 | D:5      | Gained mutation: You occasionally lose the ability to read
                  | scrolls when taking damage. [potion of mutation]
  4637 | D:5      | Gained mutation: You are robust. (+10% HP) [potion of
                  | mutation]
  4805 | D:5      | Noticed Edmund
  4978 | D:5      | Found a sparkling altar of Nemelex Xobeh.
  4978 | D:5      | Found a blossoming altar of Fedhas.
  5050 | D:5      | Reached skill level 1 in Fighting
  5175 | D:5      | Killed Edmund
  5310 | D:5      | Reached XP level 8. HP: 59/70 MP: 10/16
  5340 | D:5      | Slain by a scorpion

Illustrated notes

Levels and vault maps discovered:
D:1:      elethiomel_arrival_shortcut, layout_rooms, minmay_misc_feat_enclosed
D:2:      minmay_inner_zag, layout_basic
D:3:      layout_loops_ring, uniq_sigmund, uniq_natasha
D:4:      layout_gridville, mainiacjoe_overflow_tiny_flanked, kennysheep_potato
D:5:      nicolae_BIG_FREAKIN_CUBE, layout_basic, jmf_multi_god_temple,
          supply_closet_lemuel, uniq_pikel, uniq_edmund

Skill      XL: |  1  2  3  4  5  6  7 |
---------------+----------------------+-----
Poison Magic   | 1 3 4 |  4.7
Spellcasting   | 4 5 |  5.9
Dodging        | 2 |  2.5
Conjurations   | 2 3 4 |  4.0
Fighting       | 1 |  1.3
Stealth        | 4 |  4.2
Summonings     | |  1.0
Translocations | |  1.0
Air Magic      | |  0.9

Action                     |  1- 3 |  4- 6 |  7- 9 || total
---------------------------+-------+-------+-------++-------
  Melee: Dagger            |    20 |    22 |    23 ||    65
         Punch             |       |     1 |       ||     1
   Cast: Magic Dart        |    71 |   138 |    51 ||   260
         Mephitic Cloud    |       |     5 |     7 ||    12
Ability: Spit Poison       |    11 |    20 |    12 ||    43
    Use: Potion            |       |       |     6 ||     6
   Stab: Confused          |       |     2 |     1 ||     3
         Invisible         |       |       |     1 ||     1
 Armour: Robe              |     5 |     9 |    16 ||    30
  Dodge: Dodged            |    21 |    14 |    37 ||    72

Table legend: (Time is in decaauts)
 A = Elapsed time spent in this place.
 B = Non-inter-level travel time spent in this place.
 C = Inter-level travel time spent in this place.
 D = Time resting spent in this place.
 E = Time spent auto-exploring this place.
 F = Levels seen in this place.
 G = Mean time per level.
                   A        B        C        D        E       F      G
               +--------+--------+--------+--------+--------+-----+--------+
         Total |   6434 |   6230 |    204 |     45 |   5174 |   5 | 1286.8 |
       Dungeon |   6434 |   6230 |    204 |     45 |   5174 |   5 | 1286.8 |
               +--------+--------+--------+--------+--------+-----+--------+

Top non-repeatable levels by time:
     D:4: 1602 daAuts
     D:3: 1562 daAuts
     D:2: 1538 daAuts
     D:1: 956 daAuts
     D:5: 773 daAuts
